 Dungeon Crawl Stone Soup version 0.23.2-40-g277498a001 (webtiles) character file.

Game seed: 5995640807365587750

7034 Aggronaut the Covert (level 10, -2/63 HPs)
             Began as a Vampire Enchanter on Oct 3, 2019.
             Was a Priest of Dithmenos.
             Slain by a blink frog (4 damage)
             ... on level 1 of the Lair of Beasts.
             The game lasted 00:36:14 (11804 turns).

Aggronaut the Covert (Vampire Enchanter)           Turns: 11804, Time: 00:36:15

Health: -2/63      AC: 10    Str:  7    XL:     10   Next: 83%
Magic:  3/26       EV: 10    Int: 17    God:    Dithmenos [***...]
Gold:   770        SH:  7    Dex: 19    Spells: 11/19 levels left

rFire    . . .     SeeInvis +   P - +6 quick blade
rCold    + + .     Gourm    .   C - +1 buckler
rNeg     + + +     Faith    .   w - +2 ring mail {MR+}
rPois    ∞         Spirit   .   s - +0 helmet
rElec    .         Reflect  .   G - +0 cloak
rCorr    .         Harm     .   c - +0 pair of gloves
MR       ++...                  (no boots)
Stlth    ++++++++++             (no amulet)
HPRegen  0.00/turn              u - ring of stealth
MPRegen  0.20/turn              H - ring of magical power

@: very slightly contaminated, bloodless, non-regenerating, wreathed by umbra
A: fangs 3, see invisible, unbreathing
a: Bat Form, Shadow Step, Renounce Religion


You were on level 1 of the Lair of Beasts.
You worshipped Dithmenos.
Dithmenos was most pleased with you.
You were bloodless.

You visited 2 branches of the dungeon, and saw 10 of its levels.
You also visited: Ossuary.

You collected 770 gold pieces.

Inventory:

Hand Weapons
 e - a +3 short sword of speed
 h - a +0 dagger of freezing
 P - a +6 quick blade (weapon)
Missiles
 y - a throwing net (quivered)
Armour
 c - a +0 pair of gloves (worn)
 s - a +0 helmet (worn)
 w - a +2 ring mail of magic resistance (worn)
 C - a +1 buckler (worn)
 G - a +0 cloak (worn)
Jewellery
 b - an uncursed ring of flight
 n - an uncursed ring of poison resistance
 q - an uncursed ring of resist corrosion
 u - a ring of stealth (left hand)
 H - a ring of magical power (right hand)
Wands
 m - a wand of acid (7)
 o - a wand of random effects (26)
 A - a wand of paralysis (22)
 B - a wand of iceblast (6)
 J - a wand of enslavement (10)
Scrolls
 f - 4 scrolls of teleportation
 g - 2 scrolls of magic mapping
 i - a scroll of fear
 j - 6 scrolls of remove curse
 k - 4 scrolls of fog
 p - a scroll of blinking {unknown}
 v - a scroll of amnesia
 x - a scroll of enchant weapon
 M - a scroll of enchant armour
Potions
 a - 2 potions of flight
 d - 22 potions of blood
 l - a potion of magic
 r - 5 potions of lignification
 t - 2 potions of invisibility
 z - 2 potions of curing {unknown}
 D - 2 potions of ambrosia
 E - a potion of cancellation
 I - 3 potions of might
 N - a potion of brilliance
 O - 2 potions of agility


   Skills:
 * Level 11.8 Short Blades
 - Level 2.1 Dodging
 + Level 14.5 Stealth
 - Level 4.0 Shields
 - Level 5.0 Spellcasting
 - Level 8.2 Hexes


You had 11 spell levels left.
You knew the following spells:

 Your Spells              Type           Power        Failure   Level  Hunger
b - Ensorcelled Hibernat  Hex/Ice        ###...       14%         2    #......
c - Confuse               Hex            ####....     5%          3    ###....
d - Dazzling Spray        Conj/Hex       ###...       28%         3    ###....

Your spell library contained the following spells:

 Spells                   Type           Power        Failure   Level  Hunger
 Confusing Touch          Hex            ####..       1%          1    None
 Corona                   Hex            ####...      1%          1    None
 Slow                     Hex            ####....     2%          2    #......
 Tukima's Dance           Hex            ####....     5%          3    ###....
 Cause Fear               Hex            ####......   17%         4    ####...
 Inner Flame              Hex/Fire       ###.....     28%         3    ###....
 Portal Projectile        Hex/Tloc       ###...       28%         3    ###....
 Animate Skeleton         Necr           N/A          45%         1    None
 Apportation              Tloc           #.....       45%         1    None
 Summon Small Mammal      Summ           #...         45%         1    None
 Shroud of Golubria       Chrm/Tloc      #.........   58%         2    #......
 Song of Slaying          Chrm           #.......     58%         2    #......
 Leda's Liquefaction      Hex/Erth       ###.......   67%         4    ####...
 Iron Shot                Conj/Erth      #.........   100%        6    #######


Dungeon Overview and Level Annotations

Branches:
Dungeon (9/15)             Temple (0/1) D:6            Lair (1/6) D:9
    Orc: D:9-12

Altars:
Cheibriados
Dithmenos
Elyvilon
Hepliaklqana
Nemelex Xobeh
Trog


Innate Abilities, Weirdness & Mutations

You do not heal naturally.
You are immune to poison.
You have razor-sharp teeth.
You have supernaturally acute eyesight. (SInv)
You can survive without breathing.


Message History

The blink frog is heavily wounded.
The spray of energy hits the blink frog!
You kill the blink frog!
Dithmenos accepts your kill.
The spray of energy hits the crocodile.
The crocodile is lightly wounded.
The blink frog barely misses you.
The crocodile bites you but does no damage.
The blink frog closely misses you.
Casting: Dazzling Spray (safe; 28% risk of failure)
Confirm with . or Enter, or press ? or * to list all spells.
Aiming: Ensorcelled Hibernation (safe; 14% risk of failure)
Press: ? - help, Shift-Dir - straight line, f/p - blink frog
Aim: a blink frog (heavily wounded, umbra, chance to defeat MR: 31%)
The blink frog easily resists.
The blink frog hits you!
* * * LOW HITPOINT WARNING * * *
The crocodile bites you!
* * * LOW HITPOINT WARNING * * *
The blink frog hits you.
You die...

#....P#######..
#.............#
#............##
#........###.#
#........#
#.#####..# #. #...#
#. #...# [ ##@.# F.
# #Ft# ...
(##.##..# 8.?!
#.....†..# #####
#........####.....©
#..................
#......P###.####.#.
#......## ###
.......


You could see a blink frog and a crocodile.

Vanquished Creatures
  A black mamba (Lair:1)
  A troll (D:9)
  2 blink frogs (Lair:1)
  3 hippogriffs
  The ghost of grouchysmurf the Cudgeler, an amateur GrBe of Trog (D:7)
  Sigmund (D:4)
  6 yaks (Lair:1)
  A wyvern (D:8)
  Edmund (D:4)
  A hungry ghost (D:9)
  A water moccasin (D:7)
  A porcupine (Lair:1)
  2 ice beasts
  3 orc warriors
  2 sky beasts
  A black bear (D:7)
  6 ogres
  3 centaurs
  A big kobold (D:9)
  7 bullfrogs
  A scorpion (D:9)
  3 killer bees (D:8)
  5 wights (D:9)
  3 howler monkeys
  2 crimson imps
  A centaur zombie (D:5)
  A quasit (D:7)
  4 hounds
  3 orc priests
  10 orc wizards
  Crazy Yiuf (D:6)
  2 bullfrog skeletons
  A jelly (D:8)
  An iguana (D:6)
  Natasha (thrice) (D:2)
  4 worker ants
  3 bullfrog simulacra (D:7)
  2 hound skeletons (D:4)
  8 mummies (Ossuary)
  A worker ant zombie (D:8)
  Robin (D:4)
  5 adders
  2 shadow imps
  A worker ant simulacrum (D:7)
  2 adder zombies
  2 worms
  3 dart slugs
  3 leopard geckos
  25 orcs
  A ball python (D:2)
  7 bats
  4 giant cockroaches
  A gnoll zombie (Ossuary)
  16 goblins
  11 hobgoblins
  12 jackals
  14 kobolds
  A quokka (D:7)
  6 frilled lizards
  3 hobgoblin zombies (Ossuary)
  A jackal skeleton (D:4)
  2 kobold zombies (Ossuary)
  A leopard gecko skeleton (D:4)
  2 orc zombies (Ossuary)
  7 rats
237 creatures vanquished.

Notes
Turn   | Place    | Note
-------+----------+-------------------------------------------
     0 | D:1      | Aggronaut the Vampire Enchanter began the quest for the
                  | Orb.
     0 | D:1      | Reached XP level 1. HP: 13/13 MP: 3/3
   417 | D:1      | Reached skill level 5 in Hexes
   417 | D:1      | Reached XP level 2. HP: 19/19 MP: 5/5
   734 | D:1      | Reached skill level 5 in Stealth
  1283 | D:1      | Reached XP level 3. HP: 24/24 MP: 6/6
  1632 | D:2      | Found a sparkling altar of Nemelex Xobeh.
  1710 | D:2      | Noticed Natasha
  1716 | D:2      | Killed Natasha
  1743 | D:2      | Reached XP level 4. HP: 21/30 MP: 7/7
  2165 | D:2      | Noticed Natasha
  2186 | D:2      | Killed Natasha
  2382 | D:2      | Noticed Natasha
  2392 | D:2      | Killed Natasha
  2392 | D:2      | Reached skill level 6 in Stealth
  2624 | D:2      | Reached XP level 5. HP: 35/35 MP: 8/8
  2688 | D:2      | Learned a level 2 spell: Ensorcelled Hibernation
  2692 | D:2      | Learned a level 3 spell: Confuse
  3616 | D:3      | Reached skill level 7 in Stealth
  3940 | D:3      | Reached XP level 6. HP: 41/41 MP: 9/9
  4272 | D:4      | Reached skill level 8 in Stealth
  4348 | D:4      | Noticed Sigmund
  4365 | D:4      | Killed Sigmund
  4365 | D:4      | Reached XP level 7. HP: 46/46 MP: 1/11
  4521 | D:4      | Found a shadowy altar of Dithmenos.
  4526 | D:4      | Became a worshipper of Dithmenos the Shadowed
  4635 | D:4      | Noticed Robin
  4675 | D:4      | Killed Robin
  4908 | D:4      | Noticed Edmund
  4948 | D:4      | Killed Edmund
  4948 | D:4      | Reached skill level 9 in Stealth
  5178 | D:4      | Reached XP level 8. HP: 48/52 MP: 13/15
  5355 | D:5      | Entered Level 5 of the Dungeon
  5573 | D:5      | Reached skill level 5 in Spellcasting
  6184 | D:5      | Found a hazy altar of Hepliaklqana.
  6185 | D:5      | Found a bloodstained altar of Trog.
  6196 | D:5      | Found a snail-covered altar of Cheibriados.
  6208 | D:5      | Found a white marble altar of Elyvilon.
  6417 | D:6      | Reached skill level 1 in Shields
  6598 | D:6      | Reached skill level 10 in Stealth
  6762 | D:6      | Reached * piety under Dithmenos
  6878 | D:6      | Found a staircase to the Ecumenical Temple.
  7040 | D:6      | Found a runed translucent door.
  7041 | D:6      | Noticed Crazy Yiuf
  7048 | D:6      | Killed Crazy Yiuf
  7048 | D:6      | Reached skill level 5 in Short Blades
  7807 | D:7      | Noticed a hippogriff
  7813 | D:7      | Killed a hippogriff
  7928 | D:7      | Reached XP level 9. HP: 36/57 MP: 10/16
  8208 | D:7      | Reached skill level 11 in Stealth
  8442 | D:7      | Found a runed translucent gate.
  8442 | D:7      | Found a runed translucent gate.
  8442 | D:7      | Found a runed translucent gate.
  8443 | D:7      | Noticed grouchysmurf's ghost (amateur GrBe)
  8925 | D:7      | Killed grouchysmurf's ghost
  9163 | D:8      | Reached skill level 12 in Stealth
  9392 | D:8      | Found a sand-covered staircase.
  9397 | Ossuary  | Entered an ossuary
  9442 | Ossuary  | Learned a level 3 spell: Dazzling Spray
  9459 | Ossuary  | Reached ** piety under Dithmenos
 10201 | D:9      | Reached XP level 10. HP: 61/63 MP: 1/17
 10458 | D:9      | Reached skill level 13 in Stealth
 10952 | D:9      | Reached *** piety under Dithmenos
 11025 | D:9      | Reached skill level 10 in Short Blades
 11264 | D:9      | Found a staircase to the Lair.
 11269 | D:9      | Identified a scroll of acquirement
 11340 | D:9      | Identified Guxzotue's Catalogue of Talismans and Clay
 11608 | Lair:1   | Entered Level 1 of the Lair of Beasts
 11615 | Lair:1   | Reached skill level 14 in Stealth
 11696 | Lair:1   | Noticed a black mamba
 11705 | Lair:1   | Killed a black mamba
 11788 | Lair:1   | Noticed a spiny frog
 11803 | Lair:1   | HP: 2/63 [crocodile (16)]
 11804 | Lair:1   | Slain by a blink frog

Skill      XL: |  1  2  3  4  5  6  7  8  9 10 |
---------------+-------------------------------+-----
Hexes          | 5 6 7 8 |  8.2
Stealth        | 5 6 7 8 9 10 12 14 | 14.5
Short Blades   | 2 3 5 9 11 | 11.8
Spellcasting   | 3 4 5 |  5.0
Shields        | 4 |  4.0
Dodging        | |  2.1

Action                   |  1- 3 |  4- 6 |  7- 9 | 10-12 || total
-------------------------+-------+-------+-------+-------++-------
Melee: Dagger            |    85 |       |       |       ||    85
       Bite              |     6 |    12 |    30 |     9 ||    57
       Short sword       |    31 |   125 |   360 |    99 ||   615
       Quick blade       |       |       |       |    33 ||    33
 Cast: Ensorcelled Hiber |       |     8 |    45 |    37 ||    90
       Confuse           |       |     2 |    27 |     6 ||    35
       Dazzling Spray    |       |       |     2 |     3 ||     5
 Abil: End Transformatio |       |       |     1 |       ||     1
       Bat Form          |       |       |     1 |       ||     1
  Use: Scroll            |     3 |     3 |     9 |    12 ||    27
       Potion            |       |     2 |     6 |     3 ||    11
 Stab: Sleeping          |    12 |    20 |    47 |    27 ||   106
       Confused          |       |     2 |    16 |     1 ||    19
       Invisible         |       |       |     2 |       ||     2
       Distracted        |       |       |     1 |     2 ||     3
  Eat: Corpse            |       |     3 |     5 |       ||     8
Armor: Ring mail         |    60 |    19 |    68 |    35 ||   182
Dodge: Dodged            |    67 |    37 |   114 |    49 ||   267
Block: Buckler           |       |       |    34 |    28 ||    62
